 Dungeon Crawl Stone Soup version 0.29.1 (webtiles) character file.

Game seed: 17346028401547459978

471 qw the Chopper (level 7, 0/43 HPs)
             Began as a Gargoyle Fighter on Sept 13, 2022.
             Slain by an orc
             ... wielding a +0 club
              (1 damage)
             ... on level 4 of the Dungeon.
             The game lasted 00:01:28 (4236 turns).

qw the Chopper (Gargoyle Fighter)                   Turns: 4236, Time: 00:01:29

Health: 0/43       AC: 27    Str: 20    XL:     7   Next: 9%
Magic:  7/7        EV:  7    Int:  8    God:
Gold:   182        SH:  5    Dex: 19    Spells: 6/6 levels left

rFire   + . .      SeeInvis .   Y - +0 war axe (protect)
rCold   . . .      Faith    .   c - +0 buckler
rNeg    + . .      Spirit   .   n - +0 chain mail
rPois   inf        Reflect  .   (no helmet)
rElec   +          Harm     .   h - +0 cloak
rCorr   .          Rampage  .   o - +0 pair of gloves
Will    .....                   s - +1 pair of boots
Stlth   ..........              (no amulet)
HPRegen 0.14/turn               g - +6 ring of dexterity
MPRegen 0.10/turn               p - ring of protection from fire

@: under a protective aura
A: sickness immunity, AC +4, negative energy resistance 1, electricity
resistance, torment resistance 1, petrification resistance, iridescent scales 1,
agile 1
a: no special abilities


You were on level 4 of the Dungeon.
You visited 1 branch of the dungeon, and saw 4 of its levels.

You collected 182 gold pieces.


Innate Abilities, Weirdness & Mutations

You are immune to sickness and miasma.
Your stone body is resilient. (AC +4)
You are immune to poison.
You resist negative energy. (rN+)
You are resistant to electric shocks. (rElec)
You are resistant to unholy torment.
You are immune to petrification.
You are partially covered in iridescent scales. (AC +2)
You are agile. (Dex +4, Str/Int -1)


   Skills:
 - Level 4.0 Fighting
 - Level 6.1 Axes
 + Level 1.3 Throwing
 - Level 3.2 Armour
 - Level 1.0 Dodging
 - Level 3.2 Shields


You had 6 spell levels left.
You didn't know any spells.
Your spell library was empty.

Inventory:

Hand Weapons
 e - a +0 flail
 Y - a +0 war axe of protection (weapon)
Missiles
 j - a boomerang
 t - 2 silver javelins (quivered)
Armour
 c - a +0 buckler (worn)
 h - a +0 cloak (worn)
 n - a +0 chain mail (worn)
 o - a +0 pair of gloves (worn)
 s - a +1 pair of boots (worn)
Jewellery
 g - a +6 ring of dexterity (left hand)
 p - a ring of protection from fire (right hand)
Scrolls
 a - 2 scrolls of identify
 r - a scroll of silence {unknown}
Potions
 b - a potion of cancellation
 d - 2 potions of might
 f - a potion of attraction
 i - a potion of mutation
 k - 4 potions of curing
 l - a potion of magic {unknown}
 m - a potion of degeneration {unknown}
 q - a potion of haste {unknown}

Dungeon Overview and Level Annotations

Branches:
Dungeon (4/15)
 Temple: D:4-7

Altars:


Message History

The gnoll sergeant hits you but does no damage.
You miss something. Something hits you but does no damage.
You block the gnoll sergeant's attack.
You miss something.
You hear some strange, mumbled words.
A magic dart appears from out of thin air!
The magic dart hits you.
The gnoll sergeant hits you from afar with a +3 trident of venom!
Something hits you but does no damage.
The gnoll sergeant hits you from afar with a +3 trident of venom!
You hit something.
Your weapon exudes an aura of protection.
Reactivating autopickup.
You feel a bit more experienced.
The gnoll sergeant hits you but does no damage.
Your Throwing skill increases to level 1!
Things that are here:
a +0 dagger; a +0 robe You barely miss the gnoll sergeant.
You hit the orc.
The gnoll sergeant hits you but does no damage.
The orc hits you but does no damage.
You slash the orc!
You kill the orc!
You closely miss the gnoll sergeant.
The gnoll sergeant hits you but does no damage.
You hit the gnoll sergeant.
The gnoll sergeant is lightly wounded.
You closely miss the orc. The orc closely misses you.
The gnoll sergeant barely misses you. The orc hits you but does no damage.
You block the gnoll sergeant's attack.
You hit the gnoll sergeant.
The gnoll sergeant is moderately wounded.
You hit the orc but do no damage. The orc hits you but does no damage.
The gnoll sergeant hits you with a +3 trident of venom!
You barely miss the gnoll sergeant.
The gnoll sergeant is moderately wounded.
You hit the orc. The orc hits you with a +0 club.
You die...

.##.........#..........#...'....#
..#.........#..........#...#....#
..#.........#.####.##+##.####..##
###....######.####.##.##.# ####.
.......#.................# #.
.#.....#.................# #.
.#.....#.................+ #.
.#.....#.......))........# #.
.#.....#........@g.......# #.
##.....#.########o######.# ####.
.####### .............### #....
...# ......o......# #.... ...#
...og........# #.... ...#
.o$o.........# #.... ...#
.............# #.... >..#
ggo..........# #.... #########
g.o..........# #....


You could see a gnoll sergeant and an orc.

Vanquished Creatures
  Sigmund (D:2)
  A wight (D:4)
  2 orc wizards (D:4)
  5 gnolls (D:4)
  5 adders
  A shadow imp (D:4)
  An ufetubus (D:4)
  3 worms
  A dart slug (D:4)
  6 orcs (D:4)
  7 ball pythons
  7 bats
  2 endoplasms
  4 giant cockroaches
  7 goblins
  5 hobgoblins
  2 jackals (D:1)
  7 quokkas
  4 frilled lizards
  7 kobolds
  6 rats
84 creatures vanquished.

Notes
Turn   | Place    | Note
-------+----------+-------------------------------------------
     0 | D:1      | qw the Gargoyle Fighter began the quest for the Orb.
     0 | D:1      | Reached XP level 1. HP: 14/14 MP: 1/1
     0 | D:1      | 0 ||| qw: Version: 0.1-a-119-g272c26d
     0 | D:1      | 0 ||| qw: Game counter: 11118
     0 | D:1      | 0 ||| qw: Always use a shield: true
     0 | D:1      | 0 ||| qw: God list: Okawaru
     0 | D:1      | 0 ||| qw: Allow faded altars: false
     0 | D:1      | 0 ||| qw: Do Orc after D:15 true
     0 | D:1      | 0 ||| qw: Do second Lair branch before Depths: true
     0 | D:1      | 0 ||| qw: Lair rune preference: random
     0 | D:1      | 0 ||| qw: Plans: Normal, Zot, God:TSO, Crypt, Tomb, Pan,
                  | Slime, Hells, Zig, Abyss, Orb
     0 | D:1      | 0 ||| PLANNING D:1-11
    42 | D:1      | Reached skill level 2 in Axes
   185 | D:1      | Found a faded altar of an unknown god.
   274 | D:1      | 274 ||| Stepping ~*~*~tactically~*~*~ (stealth).
   276 | D:1      | Reached XP level 2. HP: 19/19 MP: 2/2
   421 | D:1      | 421 ||| Stepping ~*~*~tactically~*~*~ (stealth).
   504 | D:1      | Reached skill level 3 in Axes
   844 | D:1      | Reached XP level 3. HP: 23/23 MP: 3/3
   961 | D:1      | 961 ||| UPGRADING to +0 cloak.
   966 | D:1      | 966 ||| UPGRADING to +0 chain mail.
   976 | D:1      | 976 ||| DROPPING +0 scale mail.
   977 | D:1      | 977 ||| READING scroll labelled WUBBELUCOC.
   978 | D:1      | 978 ||| READING scroll labelled QAOCUW TOSAMN.
   979 | D:1      | 979 ||| READING scroll labelled BEUNETW UBUZ.
   980 | D:1      | 980 ||| READING scroll labelled AJIFEOTZIQUCKE.
   981 | D:1      | 981 ||| READING scroll labelled RARONT XEIM.
   982 | D:1      | 982 ||| DRINKING 2 golden potions.
   983 | D:1      | 983 ||| DROPPING potion of flight.
  1170 | D:2      | 1170 ||| Stepping ~*~*~tactically~*~*~ (stealth).
  1185 | D:2      | 1185 ||| DROPPING +0 club.
  1192 | D:2      | Noticed Sigmund
  1193 | D:2      | 1193 ||| Stepping ~*~*~tactically~*~*~ (hiding).
  1206 | D:2      | Killed Sigmund
  1207 | D:2      | Reached skill level 5 in Axes
  1207 | D:2      | Reached XP level 4. HP: 16/28 MP: 4/4
  1207 | D:2      | Reached XP level 5. HP: 18/32 MP: 5/5
  1242 | D:2      | 1242 ||| Stepping ~*~*~tactically~*~*~ (stealth).
  1256 | D:2      | 1256 ||| Stepping ~*~*~tactically~*~*~ (stealth).
  1258 | D:2      | 1258 ||| Stepping ~*~*~tactically~*~*~ (stealth).
  1302 | D:2      | 1302 ||| Stepping ~*~*~tactically~*~*~ (stealth).
  1312 | D:2      | 1312 ||| Stepping ~*~*~tactically~*~*~ (stealth).
  1435 | D:2      | Reached XP level 6. HP: 37/37 MP: 6/6
  1802 | D:2      | 1802 ||| UPGRADING to +6 ring of dexterity.
  1803 | D:2      | 1803 ||| READING scroll labelled OSTRAZ ASYTAU.
  1804 | D:2      | 1804 ||| DRINKING 2 green potions.
  1805 | D:2      | 1805 ||| DRINKING 5 cyan potions.
  1806 | D:2      | 1806 ||| READING 2 scrolls of identify.
  1806 | D:2      | 1806 ||| IDENTIFYING brown potion
  1807 | D:2      | 1807 ||| DROPPING potion of brilliance.
  2853 | D:3      | 2853 ||| UPGRADING to +0 pair of boots.
  2858 | D:3      | 2858 ||| UPGRADING to ring of protection from fire.
  2859 | D:3      | 2859 ||| READING scroll labelled HUECRIM CYANO.
  2860 | D:3      | 2860 ||| READING scroll labelled KINODINN OHEESM.
  2861 | D:3      | 2861 ||| READING scroll labelled DIUXZO LEICVECH.
  2900 | D:4      | Reached skill level 1 in Dodging
  2905 | D:4      | HP: 7/38 [gnoll/+0 spear (6)]
  2911 | D:4      | HP: 2/38 [gnoll/+0 spear (3)]
  3209 | D:4      | 3209 ||| DROPPING +0 whip.
  3321 | D:4      | 3321 ||| Stepping ~*~*~tactically~*~*~ (hiding).
  3344 | D:4      | 3344 ||| READING scroll of enchant armour.
  3344 | D:4      | 3344 ||| ENCHANTING +0 pair of boots.
  3782 | D:4      | 3782 ||| FLEEEEING.
  3783 | D:4      | 3783 ||| FLEEEEING.
  3784 | D:4      | 3784 ||| FLEEEEING.
  3785 | D:4      | 3785 ||| FLEEEEING.
  3786 | D:4      | 3786 ||| FLEEEEING.
  3787 | D:4      | 3787 ||| FLEEEEING.
  3788 | D:4      | 3788 ||| FLEEEEING.
  3789 | D:4      | 3789 ||| FLEEEEING.
  3790 | D:4      | 3790 ||| FLEEEEING.
  3791 | D:4      | 3791 ||| FLEEEEING.
  3792 | D:4      | 3792 ||| FLEEEEING.
  3793 | D:4      | 3793 ||| FLEEEEING.
  3794 | D:4      | 3794 ||| FLEEEEING.
  3795 | D:4      | 3795 ||| FLEEEEING.
  3796 | D:4      | 3796 ||| FLEEEEING.
  3797 | D:4      | 3797 ||| FLEEEEING.
  3798 | D:4      | 3798 ||| FLEEEEING.
  3799 | D:4      | 3799 ||| FLEEEEING.
  3800 | D:4      | 3800 ||| FLEEEEING.
  3801 | D:4      | 3801 ||| FLEEEEING.
  3802 | D:4      | 3802 ||| FLEEEEING.
  3803 | D:4      | 3803 ||| FLEEEEING.
  3804 | D:4      | 3804 ||| FLEEEEING.
  3805 | D:4      | 3805 ||| FLEEEEING.
  3806 | D:4      | 3806 ||| FLEEEEING.
  3807 | D:4      | 3807 ||| FLEEEEING.
  3808 | D:4      | 3808 ||| FLEEEEING.
  3809 | D:4      | 3809 ||| FLEEEEING.
  3810 | D:4      | 3810 ||| FLEEEEING.
  3811 | D:4      | 3811 ||| STAIRDANCE
  3858 | D:3      | 3858 ||| UPGRADING to +0 pair of gloves.
  3863 | D:3      | 3863 ||| READING scroll labelled PAPAME ASCHYAXT.
  3864 | D:3      | 3864 ||| DRINKING 2 lumpy ruby potions.
  3864 | D:3      | Gained mutation: You are partially covered in iridescent
                  | scales. (AC +2) [potion of mutation]
  3864 | D:3      | Gained mutation: You are agile. (Dex +4, Str/Int -1)
                  | [potion of mutation]
  3865 | D:3      | 3865 ||| READING 2 scrolls of identify.
  3865 | D:3      | 3865 ||| IDENTIFYING silvery potion
  3876 | D:4      | 3876 ||| STAIRDANCE
  3961 | D:4      | Reached skill level 6 in Axes
  4202 | D:4      | 4202 ||| Stepping ~*~*~tactically~*~*~ (stealth).
  4204 | D:4      | 4204 ||| Stepping ~*~*~tactically~*~*~ (hiding).
  4211 | D:4      | 4211 ||| Stepping ~*~*~tactically~*~*~ (hiding).
  4212 | D:4      | 4212 ||| Stepping ~*~*~tactically~*~*~ (hiding).
  4214 | D:4      | 4214 ||| Stepping ~*~*~tactically~*~*~ (hiding).
  4216 | D:4      | Reached XP level 7. HP: 43/43 MP: 7/7
  4229 | D:4      | HP: 7/43 [gnoll sergeant/+3 trident of venom (10)]
  4231 | D:4      | Reached skill level 1 in Throwing
  4235 | D:4      | HP: 1/43 [gnoll sergeant/+3 trident of venom (7)]
  4236 | D:4      | Slain by an orc

Levels and vault maps discovered:
D:1:      lemuel_arrival_funnel, layout_loops_ring,
          shapermc_ecumenical_altar_flowoftime, chequers_garden,
          minmay_heptomino_w4
D:2:      layout_basic, minmay_quantized, uniq_sigmund
D:3:      layout_basic
D:4:      cheibrodos_barr_body, layout_gridville

Skill      XL: |  1  2  3  4  5  6  7 |
---------------+----------------------+-----
Axes           | 2 3 5 6 |  6.1
Fighting       | 4 |  4.0
Dodging        | 1 |  1.0
Throwing       | 1 |  1.3
Armour         | |  3.2
Shields        | |  3.2

Action                   |  1- 3 |  4- 6 |  7- 9 || total
-------------------------+-------+-------+-------++-------
Melee: War axe           |    80 |   171 |    19 ||   270
Throw: Boomerang         |       |    29 |       ||    29
       Javelin           |       |     1 |       ||     1
  Use: Scroll            |     5 |     8 |       ||    13
       Potion            |     1 |     3 |       ||     4
Armor: Scale mail        |    40 |       |       ||    40
       Chain mail        |     6 |   110 |    24 ||   140
Dodge: Dodged            |    43 |    70 |     4 ||   117
Block: Buckler           |    12 |    38 |     5 ||    55

Table legend:
 A = Non-vault XP
 B = Vault XP
 C = Vault XP percentage of total XP
 D = Non-vault monster count
 E = Vault monster count
 F = Vault count percentage of total count
                 A         B        C        D         E       F
            +---------+---------+-------+---------+---------+-------
      Total |     253 |     420 |  62.4 |      61 |      23 |  27.4
            +---------+---------+-------+---------+---------+-------
        D:1 |      26 |      10 |  27.8 |      17 |       6 |  26.1
        D:2 |      51 |     270 |  84.1 |      14 |       5 |  26.3
        D:3 |      39 |       0 |   0.0 |      15 |       0 |   0.0
        D:4 |     137 |     140 |  50.5 |      15 |      12 |  44.4
            +---------+---------+-------+---------+---------+-------
